Map: Alcyone LE

Players

A.I. 1 (Elite)

  • Race: Terran Terran
  • Spawn Location: 7:00

Frogcute - Winner!

  • Race: Zerg Zerg
  • League: Diamond
  • Spawn Location: 1:00

VOD

Have the link to the VOD?

Description

Time

  • Played on: May 5, 2024, 11:37 a.m.
  • Length: 12:55
Show
View Real Time Build Order
Export as new Build Order

A.I. 1 (Elite) Terran 

Build Orders:  

Get SALT Encoding   

  12  0:00  SCV  
  13  0:13  SCV  
  14  0:18  Supply Depot  
  14  0:25  SCV  
  15  0:40  SCV  
  15  0:42  Barracks  
  16  0:52  SCV  
  18  1:04  SCV  
  18  1:16  SCV  
  18  1:17  Supply Depot  
  19  1:21  Refinery  
  19  1:28  SCV  
  19  1:29  Marine  
  21  1:40  SCV  
  22  1:47  Marine  
  22  1:51  Barracks  
  22  1:52  SCV  
  24  1:55  Refinery  
  24  2:03  Supply Depot  
  24  2:04  Orbital Command, Marine  
  25  2:22  Marine  
  27  2:30  SCV  
  27  2:40  Marine  
  27  2:42  SCV  
  27  2:43  Command Center  
  29  3:00  Factory  
  29  3:09  Barracks Tech Lab  
  29  3:12  Barracks Tech Lab  
  29  3:21  SCV  
  30  3:27  Marine  
  30  3:30  Marine  
  30  3:34  Supply Depot  
  32  3:36  SCV  
  33  3:41  Stimpack  
  33  3:47  Marine, Starport  
  34  3:48  Marine  
  34  3:55  Orbital Command  
  35  4:04  Supply Depot  
  35  4:05  Combat Shield  
  35  4:06  Marine  
  35  4:08  Marine  
  37  4:11  SCV  
  38  4:18  Supply Depot  
  38  4:24  Medivac  
  38  4:29  Marauder  
  42  4:34  Marauder  
  44  4:48  Engineering Bay  
  44  4:51  Marauder  
  46  4:54  Medivac, Marine  
  46  4:58  Engineering Bay  
  49  5:00  Command Center  
  49  5:12  Marauder  
  53  5:14  Marauder  
  53  5:17  Terran Infantry Weapons Level 1  
  53  5:24  Terran Infantry Armor Level 1  
  53  5:31  Barracks  
  53  5:33  Marauder  
  53  5:34  Starport Reactor  
  53  5:35  Marine  
  56  5:53  Marauder  
  56  5:54  Marine  
  59  6:10  Medivac  
  61  6:12  Marine  
  61  6:13  SCV x2  
  61  6:14  Marauder, SCV  
  61  6:15  Refinery  
  67  6:18  Marine, Concussive Shells  
  67  6:22  Missile Turret  
  67  6:25  SCV  
  69  6:30  Command Center  
  69  6:37  Orbital Command  
  69  6:39  Barracks Reactor  
  70  6:40  SCV  
  70  6:43  SCV  
  71  6:49  Marauder  
  71  6:52  SCV  
  76  6:54  Marauder  
  76  6:55  SCV  
  77  7:04  SCV  
  77  7:05  Missile Turret, SCV  
  77  7:07  SCV  
  80  7:11  Marauder  
  84  7:15  Marauder  
  84  7:16  SCV  
  84  7:18  Barracks  
  84  7:21  SCV  
  84  7:22  SCV  
  86  7:23  Supply Depot  
  86  7:26  Marine  
  86  7:27  Marine  
  86  7:28  SCV  
  89  7:31  Marine  
  89  7:34  SCV  
  89  7:35  SCV  
  89  7:36  Marine  
  93  7:42  Hellion, SCV  
  93  7:43  SCV  
  97  7:46  SCV  
  97  7:47  SCV  
  99  7:54  SCV  
  99  7:56  SCV  
  99  7:57  Supply Depot  
  101  7:58  SCV  
  101  8:00  SCV  
  101  8:03  Hellion  
  105  8:06  SCV  
  105  8:10  SCV  
  105  8:11  SCV  
  105  8:12  SCV  
  109  8:18  SCV  
  110  8:21  Armory  
  110  8:25  SCV, Supply Depot, Hellion  
  113  8:27  SCV  
  113  8:29  SCV  
  113  8:30  SCV  
  116  8:38  SCV  
  116  8:39  Planetary Fortress  
  117  8:42  Marine, Missile Turret  
  117  8:43  Marine  
  117  8:44  Marine  
  117  8:46  Marine, Hellion  
  117  8:47  Marine  
  86  8:54  SCV  
  76  9:00  Marine  
  76  9:01  Marine  
  76  9:02  Marine  
  79  9:03  Marine  
  79  9:05  Marine  
  79  9:07  Hellion  
  79  9:08  Terran Infantry Weapons Level 2  
  83  9:13  Medivac  
  85  9:18  Medivac, Marine, Missile Turret  
  85  9:19  Marauder  
  85  9:20  Marine  
  85  9:21  Marine  
  85  9:22  Marine  
  93  9:29  Hellion  
  95  9:33  Terran Vehicle Weapons Level 1  
  95  9:36  Marine  
  95  9:38  Marine  
  97  9:39  Marine  
  97  9:40  Marine, Marauder  
  97  9:41  SCV  
  97  9:43  Medivac  
  103  9:49  Armory  
  103  9:50  Hellion  
  105  9:54  Viking, Marauder  
  105  9:55  Marine  
  105  9:57  Supply Depot, Marine  
  105  9:59  Marine  
  112  10:02  Marauder  
  112  10:04  Refinery  
  112  10:06  Refinery  
  114  10:09  Refinery  
  114  10:12  Factory Tech Lab  
  114  10:13  Viking, Marine  
  117  10:15  Marine  
  117  10:16  Marauder  
  117  10:17  Marine  
  117  10:21  Supply Depot  
  121  10:23  Marauder  
  121  10:27  SCV  
  124  10:31  Missile Turret, Hellion  
  124  10:32  SCV x2  
  124  10:33  Infernal Pre-Igniter  
  124  10:34  SCV  
  129  10:35  Fusion Core  
  129  10:36  Terran Vehicle And Ship Armor Level 1  
  129  10:37  Marauder  
  129  10:39  SCV  
  132  10:44  Supply Depot, SCV  
  132  10:45  Marauder  
  134  10:52  Hellion  
  134  10:53  Missile Turret  
  136  10:58  Marauder  
  136  11:01  Missile Turret  
  136  11:03  Missile Turret  
  138  11:05  Factory  
  138  11:06  Marauder  
  138  11:09  Command Center, Starport  
  140  11:13  Hellion  
  140  11:16  Supply Depot  
  142  11:24  Missile Turret  
  141  11:30  Marauder  
  143  11:35  Hellion  
  143  11:38  Marauder  
  143  11:39  Supply Depot  
  147  11:40  Marine  
  147  11:41  Marine x2  
  147  11:46  Starport Tech Lab  
  90  11:48  Hellion  
  90  11:51  Marauder  
  89  11:54  Factory  
  89  11:56  Hellion  
  89  11:58  Marine x2  
  89  11:59  Marine, Marauder  
  92  12:05  SCV x2  
  70  12:10  Hellion, SCV  
  70  12:12  Marine  
  40  12:16  Marine x2  
  40  12:17  SCV  
  40  12:18  Hellion  
  40  12:20  Marauder  
  22  12:31  SCV  
  22  12:33  SCV  
  22  12:38  SCV  
Show
View Real Time Build Order
Export as new Build Order

Frogcute Zerg - Winner!

Build Orders: Hatch First 

Get SALT Encoding   

  12  0:00  Drone  
  13  0:08  Drone  
  14  0:16  Drone, Extractor  
  15  0:39  Hatchery  
  14  0:46  Overlord  
  14  1:03  Spawning Pool  
  13  1:05  Drone  
  13  1:09  Drone  
  15  1:13  Drone  
  15  1:16  Drone  
  17  1:26  Drone  
  17  1:28  Extractor  
  17  1:37  Drone  
  18  1:48  Drone  
  18  1:52  Queen x2  
  23  1:55  Zergling x2  
  23  1:59  Zergling x2  
  25  2:02  Overlord  
  25  2:10  Drone  
  25  2:13  Drone  
  27  2:20  Drone  
  28  2:25  Drone  
  29  2:33  Queen  
  29  2:34  Drone  
  32  2:47  Hatchery  
  31  2:58  Drone, Metabolic Boost  
  32  3:01  Drone x2  
  32  3:03  Overlord  
  34  3:06  Drone  
  34  3:08  Drone  
  36  3:18  Overlord  
  36  3:20  Overlord  
  36  3:23  Drone x2  
  36  3:25  Drone  
  36  3:26  Drone  
  40  3:33  Queen  
  42  3:41  Drone  
  42  3:43  Drone x3  
  46  3:51  Drone x4  
  46  3:52  Drone  
  51  3:59  Extractor  
  51  4:02  Drone  
  51  4:04  Baneling Nest  
  51  4:09  Queen  
  52  4:10  Queen  
  52  4:14  Drone x2  
  56  4:23  Lair  
  56  4:26  Drone x2  
  56  4:28  Evolution Chamber x2  
  56  4:33  Zergling x10  
  56  4:35  Drone x2  
  56  4:36  Drone  
  64  4:39  Overlord  
  64  4:42  Overlord  
  64  4:44  Drone  
  66  4:45  Drone  
  66  5:01  Queen  
  66  5:02  Queen  
  66  5:04  Drone x6  
  66  5:05  Drone  
  77  5:07  Overlord  
  77  5:08  Overlord  
  77  5:13  Zerg Melee Weapons Level 1  
  77  5:15  Zerg Ground Armor Level 1  
  77  5:31  Drone x8  
  77  5:32  Drone  
  77  5:33  Centrifugal Hooks  
  77  5:35  Overlord x3  
  86  5:37  Drone  
  86  5:38  Zergling x2  
  86  5:39  Zergling x2  
  89  5:53  Hatchery  
  89  5:56  Zergling x8  
  89  5:57  Zergling x2  
  93  6:00  Extractor  
  93  6:01  Hatchery  
  93  6:02  Extractor  
  90  6:05  Queen  
  90  6:09  Queen x2  
  96  6:23  Spore Crawler  
  96  6:24  Spore Crawler  
  96  6:25  Hatchery, Spore Crawler  
  93  6:26  Hatchery  
  91  6:52  Drone x2  
  91  6:54  Zergling x36  
  111  7:16  Zergling x18  
  111  7:17  Zergling x4  
  111  7:18  Baneling x17  
  111  7:19  Baneling x4  
  122  7:39  Overlord, Drone x7  
  122  7:40  Overlord x4  
  122  7:42  Zerg Melee Weapons Level 2  
  122  7:43  Zerg Ground Armor Level 2  
  129  7:49  Zergling x10  
  129  7:50  Zergling x2  
  135  7:56  Overseer  
  135  7:57  Overseer  
  135  7:58  Infestation Pit  
  134  8:09  Zergling x26  
  147  8:34  Hive  
  147  8:35  Overlord x3  
  147  8:36  Zergling x4  
  147  8:37  Zergling x28  
  155  8:43  Zergling x2  
  155  8:44  Zergling x14  
  150  9:18  Zergling x6  
  150  9:19  Zergling x20  
  163  9:26  Baneling x21  
  163  9:27  Baneling x6  
  163  9:32  Drone  
  163  9:33  Drone x10  
  163  9:35  Drone x4  
  163  9:36  Drone x6  
  183  9:56  Zergling x2  
  183  9:57  Zergling x8  
  183  9:59  Adrenal Glands  
  188  10:00  Zerg Melee Weapons Level 3  
  188  10:01  Hatchery  
  188  10:04  Zerg Ground Armor Level 3  
  187  10:10  Spore Crawler  
  187  10:12  Hatchery  
  187  10:13  Spine Crawler  
  184  10:14  Spine Crawler  
  184  10:16  Spine Crawler  
  184  10:17  Spore Crawler  
  184  10:19  Spine Crawler  
  184  10:20  Spine Crawler x2  
  177  10:56  Ultralisk Cavern  
  176  11:00  Extractor  
  176  11:01  Extractor  
  176  11:02  Drone x3  
  176  11:03  Extractor  
  176  11:04  Zergling x34  
  180  11:06  Neural Parasite  
  180  11:08  Burrow  
  183  11:42  Zergling x16  
  183  11:43  Zergling x22  
  176  11:51  Baneling x16  
  176  11:52  Zergling x28  
  176  11:53  Zergling x16  
  175  12:08  Zergling x2  
  175  12:09  Zergling x42  
  175  12:10  Zergling x2  
  183  12:31  Zergling x2  
  183  12:32  Zergling x38  
  183  12:37  Baneling x16  
  199  12:38  Zergling x2  
Tags
 
League
Diamond
Matchup
TvZ
Spawn Locations
Cross Positions
Add a new tag
Caveats
  • Supply blocks, unpowered buildings, or Contaminate may cause inaccurate times.
  • Supply counts are checked every 10 seconds.